 Dungeon Crawl Stone Soup version 0.26-a0-1139-g7d2dc893a1 (webtiles) character file.

Game seed: 9631619362362242181

3329 HoaS the Basher (level 10, -2/56 HPs)
             Began as a Gargoyle Fighter on Dec 21, 2020.
             Slain by a large abomination (15 damage)
             ... on level 1 of the Abyss.
             The game lasted 00:15:31 (6948 turns).

HoaS the Basher (Gargoyle Fighter)                  Turns: 6948, Time: 00:15:32

Health: -2/56      AC: 19    Str: 23    XL:     10   Next: 2%
Magic:  10/10      EV:  6    Int:  9    God:
Gold:   110        SH: 12    Dex:  9    Spells: 9/9 levels left

rFire    . . .     SeeInvis .   x - +1 eveningstar (freeze)
rCold    . . .     Faith    .   c - +1 kite shield
rNeg     + . .     Spirit   .   u - +0 chain mail
rPois    ∞         Reflect  .   (no helmet)
rElec    +         Harm     .   p - +2 cloak
rCorr    .         Rampage  .   (no gloves)
Will     .....                  (no boots)
Stlth    ..........             (no amulet)
HPRegen  0.18/turn              (no ring)
MPRegen  0.12/turn              (no ring)

@: no status effects
A: negative energy resistance 1, electricity resistance, unbreathing,
petrification resistance, miasma immunity, AC +7
a: no special abilities


You were on level 1 of the Abyss.
You visited 2 branches of the dungeon, and saw 7 of its levels.
You visited the Abyss 1 time.

You collected 506 gold pieces.
You spent 396 gold pieces at shops.

Inventory:

Hand Weapons
 x - a +1 eveningstar of freezing (weapon)
Armour
 c - a +1 kite shield (worn)
 p - a +2 cloak (worn)
 u - a +0 chain mail (worn)
Wands
 b - a wand of iceblast (14)
 i - a wand of acid (5) (quivered)
 n - a wand of enslavement (3)
 q - a wand of polymorph (9)
Scrolls
 e - a scroll of identify
 m - 4 scrolls of teleportation
 w - 4 scrolls of remove curse
Potions
 a - 2 potions of flight
 d - a potion of might
 f - a potion of brilliance {unknown}
 h - a potion of attraction {unknown}
 j - 2 potions of lignification
 k - 3 potions of curing
 l - a potion of resistance {unknown}
 o - 3 potions of haste
 t - 2 potions of invisibility {unknown}


   Skills:
 - Level 3.2 Fighting
 * Level 11.3 Maces & Flails
 - Level 3.2 Armour
 + Level 9.3 Shields


You had 9 spell levels left.
You didn't know any spells.
Your spell library was empty.

Dungeon Overview and Level Annotations

Branches:
Dungeon (6/15)             Temple (1/1) D:6

Altars:
Ashenzari
Cheibriados
Dithmenos
Elyvilon
Fedhas
Hepliaklqana
Kikubaaqudgha
Nemelex Xobeh
Okawaru
Qazlal
Ru
Trog
Uskayaw
Vehumet
Xom
Yredelemnul
Zin
The Shining One

Shops:
D:4 (   D:6 *

Annotations:
D:6 Crazy Yiuf


Innate Abilities, Weirdness & Mutations

You are resistant to torment.
Your stone body is resilient. (AC +7)
You are immune to poison.
You resist negative energy. (rN+)
You are resistant to electric shocks. (rElec)
You can survive without breathing.
You are immune to petrification.
You are immune to miasma.


Message History

Evoke which item? (* to show all) (? for menu, Esc to quit)
Aiming: Corrosive Bolt
Press: ? - help, Shift-Dir - straight line, f - large abomination
Aim: a large abomination (wandering, hasn't noticed you, 10% to evade)
The bolt of acid hits the large abomination!
The large abomination is splashed with acid.
The acid corrodes the large abomination!
The large abomination is moderately damaged.
Evoke which item? (* to show all) (? for menu, Esc to quit)
Aiming: Corrosive Bolt
Press: ? - help, Shift-Dir - straight line, f/p - large abomination
Aim: a large abomination (moderately damaged, covered in acid, 10% to evade)
The bolt of acid hits the large abomination!
The large abomination is splashed with acid.
The large abomination seems to be corroded for longer.
The large abomination is heavily damaged.
You sock the large abomination! You freeze the large abomination.
The large abomination is severely damaged.
The large abomination hits you!
You die...

# #. ....
. #. . .
.## ####
#. . #. #
..
#....#..
.#....# .
.. ##...
# . # ...
#.# ..#
#.## ## #
.#
##....#
#.#...X##
. ###.@#
###.(.#
#.##...#
.##
.....# ..
...## #.
....# ...
..§# ##.
.#..


You could see a large abomination (corroded).

Vanquished Creatures
  Pikel (D:6)
  A smoke demon (Abyss:1)
  Sigmund (D:4)
  2 black bears
  2 phantoms (D:5)
  2 ogres
  A wolf (D:6)
  3 lemures
  2 centaurs
  Blork the orc (D:6)
  4 bullfrogs
  2 gnoll sergeants (D:6)
  A scorpion (D:5)
  2 electric eels (D:6)
  A howler monkey (D:5)
  5 hounds
  2 bullfrog skeletons
  2 orc wizards
  An orc priest (D:3)
  2 gnoll shamans (D:6)
  An iguana (D:5)
  8 worker ants
  2 hound zombies (D:5)
  26 gnolls (D:6)
  6 adders
  2 shadow imps
  2 white imps (D:5)
  2 ufetubi
  3 oozes
  2 adder skeletons (D:4)
  5 worms
  A dart slug (D:1)
  3 leopard geckos
  12 orcs
  8 giant cockroaches
  7 goblins
  4 hobgoblins
  10 jackals
  10 kobolds
  3 quokkas
  2 ball pythons
  5 bats
  6 frilled lizards
  A quokka zombie (D:6)
  9 rats
178 creatures vanquished.

Notes
Turn   | Place    | Note
-------+----------+-------------------------------------------
     0 | D:1      | HoaS the Gargoyle Fighter began the quest for the Orb.
     0 | D:1      | Reached XP level 1. HP: 14/14 MP: 1/1
    62 | D:1      | Reached XP level 2. HP: 17/19 MP: 2/2
   821 | D:2      | Found a snail-covered altar of Cheibriados.
   866 | D:2      | Reached skill level 3 in Maces & Flails
   907 | D:2      | Found a sparkling altar of Nemelex Xobeh.
   926 | D:2      | Reached XP level 3. HP: 22/23 MP: 3/3
  1014 | D:2      | Reached XP level 4. HP: 28/28 MP: 4/4
  1127 | D:2      | Found a broken altar of Ashenzari.
  1220 | D:2      | Reached skill level 4 in Maces & Flails
  1768 | D:3      | Reached XP level 5. HP: 32/32 MP: 5/5
  2409 | D:4      | Noticed Sigmund
  2417 | D:4      | Noticed a black bear
  2439 | D:3      | Killed a black bear
  2440 | D:3      | Reached skill level 5 in Maces & Flails
  2440 | D:3      | Reached skill level 5 in Shields
  2440 | D:3      | Reached XP level 6. HP: 18/37 MP: 6/6
  2638 | D:4      | Found Uleippadgh's Antique Weapon Boutique.
  2655 | D:4      | Killed Sigmund
  2660 | D:4      | Reached skill level 6 in Maces & Flails
  2660 | D:4      | Reached XP level 7. HP: 24/41 MP: 7/7
  3144 | D:4      | Found a hazy altar of Hepliaklqana.
  3144 | D:4      | Found a shadowy altar of Dithmenos.
  3147 | D:4      | Noticed a shadow
  3501 | D:5      | Entered Level 5 of the Dungeon
  3811 | D:5      | Reached skill level 7 in Maces & Flails
  4010 | D:5      | Reached XP level 8. HP: 43/46 MP: 8/8
  4105 | D:5      | Found an iron altar of Okawaru.
  4371 | D:5      | Reached skill level 8 in Maces & Flails
  4582 | D:6      | Noticed Blork the orc
  4593 | D:6      | Killed Blork the orc
  4715 | D:5      | Reached skill level 9 in Maces & Flails
  4905 | D:6      | Reached XP level 9. HP: 50/51 MP: 9/9
  4981 | D:4      | Bought a runed eveningstar for 396 gold pieces
  5358 | D:6      | Noticed Pikel
  5534 | D:6      | HP: 1/51 [Pikel/+1 whip of freezing (3)]
  5535 | D:6      | Killed Pikel
  5536 | D:6      | Reached skill level 10 in Maces & Flails
  5950 | D:6      | Found a staircase to the Ecumenical Temple.
  5959 | Temple   | Entered the Ecumenical Temple
  6469 | D:6      | Found an iron altar of Okawaru.
  6581 | D:6      | Found Saturch's General Store.
  6729 | D:6      | Found a radiant altar of Vehumet.
  6756 | D:6      | Found a runed translucent door.
  6757 | D:6      | Noticed Crazy Yiuf
  6817 | D:6      | Reached skill level 11 in Maces & Flails
  6876 | D:6      | Cast into level 1 of the Abyss (Crazy Yiuf)
  6914 | Abyss:1  | Noticed a smoke demon
  6926 | Abyss:1  | Killed a smoke demon
  6927 | Abyss:1  | Reached XP level 10. HP: 16/56 MP: 10/10
  6945 | Abyss:1  | Noticed a large abomination
  6948 | Abyss:1  | Slain by a large abomination

Illustrated notes

Levels and vault maps discovered:
D:1:      minmay_arrival_solitary_statue, layout_basic, kennysheep_flooded_box,
          chequers_jeans
D:2:      layout_loops_corners, nemelex_xobeh_ov_fountains_minmay,
          evilmike_ruin_ashenzari, cheibriados_altar_1
D:3:      layout_loops_ring, roderic_roman_lattice, kennysheep_generic_room_13
D:4:      layout_basic, riverfiend_overflow_shadow_ancestor, serial_shops,
          nicolae_shop_waterfront, uniq_sigmund
D:5:      layout_basic, basic_altar
D:6:      minmay_diamond_boxcup, layout_cave_pools, vehumet_crystals,
          minmay_temple_entry_statues_fountains, serial_gnoll_camp,
          gnoll_camp_mini_house, gnoll_camp_huts_moat, gnoll_camp_mini_shop,
          gnoll_camp_mini_loothouse, okawaru_trees_1, uniq_crazy_yiuf_cottage,
          uniq_blork_the_orc, uniq_pikel
Temple:   hc_temple_tempest_star
Abyss:1:  base:
D:5

Skill      XL: |  1  2  3  4  5  6  7  8  9 |
---------------+----------------------------+-----
Maces & Flails | 3 4 5 6 7 9 11 | 11.3
Shields        | 4 5 6 7 9 |  9.3
Fighting       | |  3.2
Armour         | |  3.2

Action                   |  1- 3 |  4- 6 |  7- 9 | 10-12 || total
-------------------------+-------+-------+-------+-------++-------
Melee: Flail             |    53 |       |       |       ||    53
       Whip              |    15 |   143 |   298 |       ||   456
       Eveningstar       |       |       |   149 |     1 ||   150
       Unarmed           |       |       |    21 |       ||    21
Evoke: Wand              |       |       |     2 |     2 ||     4
  Use: Scroll            |     5 |     3 |     9 |       ||    17
       Potion            |       |       |     4 |       ||     4
Armor: Scale mail        |    31 |    69 |    11 |       ||   111
       Chain mail        |       |       |   217 |       ||   217
Dodge: Dodged            |    20 |    22 |    95 |       ||   137
Block: Kite shield       |    25 |    65 |   233 |       ||   323

Table legend: (Time is in decaauts)
 A = Elapsed time spent in this place.
 B = Non-inter-level travel time spent in this place.
 C = Inter-level travel time spent in this place.
 D = Time resting spent in this place.
 E = Time spent auto-exploring this place.
 F = Levels seen in this place.
 G = Mean time per level.
                   A        B        C        D        E       F      G
               +--------+--------+--------+--------+--------+-----+--------+
         Total |   6913 |   6679 |    234 |   1151 |   4174 |   8 |  864.1 |
       Dungeon |   6494 |   6290 |    204 |   1135 |   3823 |   6 | 1082.3 |
        Temple |    341 |    311 |     30 |      0 |    310 |   1 |  341.0 |
         Abyss |     77 |     77 |      0 |     16 |     41 |   1 |   77.0 |
               +--------+--------+--------+--------+--------+-----+--------+

Top non-repeatable levels by time:
     D:5: 1714 daAuts
     D:6: 1243 daAuts
     D:2: 932 daAuts
     D:4: 929 daAuts
     D:1: 837 daAuts
     D:3: 836 daAuts
  Temple: 341 daAuts
 Abyss:1: 77 daAuts
